Map: Daybreak LE (Void)

Players

MajOr (SpeCial)

  • Race: Terran Terran
  • Spawn Location: 1:00

Scarlett - Winner!

  • Race: Zerg Zerg
  • Spawn Location: 7:00

Event: WESG 2016 Finals

VOD

Have the link to the VOD?

Description

Time

  • Played on: Jan. 13, 2017, 1:33 a.m.
  • Length: 13:45

All games in this series

Show
View Real Time Build Order
Export as new Build Order

MajOr Terran 

Build Orders: Reaper Expand, Bio Mine 

Get SALT Encoding   

  12  0:00  SCV  
  13  0:12  SCV  
  14  0:17  Supply Depot  
  14  0:24  SCV  
  15  0:39  SCV  
  15  0:41  Barracks  
  16  0:44  Refinery  
  16  0:51  SCV  
  17  1:03  SCV  
  18  1:15  SCV  
  19  1:29  Orbital Command, Reaper  
  20  1:41  Command Center  
  20  1:55  SCV  
  20  1:58  Supply Depot  
  20  2:01  Marine  
  22  2:05  Factory  
  22  2:09  SCV  
  23  2:21  SCV  
  23  2:22  Barracks Reactor  
  24  2:33  SCV  
  25  2:42  Command Center  
  25  2:45  SCV  
  26  2:53  Orbital Command  
  26  2:57  SCV  
  27  3:03  Hellion  
  27  3:04  Hellion  
  31  3:07  Barracks Tech Lab  
  31  3:12  SCV  
  32  3:20  SCV  
  32  3:24  SCV  
  34  3:27  Marine  
  34  3:28  Stimpack  
  35  3:34  SCV  
  35  3:36  SCV  
  35  3:39  Hellion x2  
  41  3:45  Marine  
  41  3:46  SCV  
  41  3:48  SCV  
  43  3:54  Orbital Command  
  43  3:58  SCV  
  43  4:00  SCV  
  45  4:03  Marine  
  45  4:07  Barracks  
  45  4:08  Factory Reactor  
  46  4:10  Barracks, Supply Depot  
  46  4:11  SCV  
  46  4:12  SCV  
  46  4:13  Refinery  
  48  4:20  Marine  
  48  4:21  SCV  
  48  4:23  SCV  
  51  4:24  SCV  
  52  4:33  SCV  
  52  4:35  SCV, Engineering Bay  
  52  4:36  SCV, Engineering Bay  
  52  4:37  Supply Depot  
  55  4:38  Marine, Supply Depot  
  56  4:47  SCV, Starport  
  56  4:50  Factory Reactor  
  56  4:51  SCV  
  56  4:52  Supply Depot  
  58  4:56  Marine  
  58  4:58  Barracks  
  58  4:59  Barracks, Refinery  
  60  5:00  SCV  
  60  5:02  Refinery  
  60  5:06  Marine x4  
  64  5:08  Orbital Command  
  64  5:09  SCV  
  64  5:12  SCV  
  66  5:14  Marine  
  66  5:15  Terran Infantry Armor Level 1, Terran Infantry Weapons Level 1  
  66  5:18  Supply Depot  
  67  5:23  SCV  
  67  5:24  Marine x2, SCV  
  71  5:30  Marine x2  
  71  5:32  Marine  
  71  5:34  Medivac  
  71  5:35  SCV x2  
  77  5:39  SCV, Medivac  
  77  5:40  Supply Depot  
  81  5:47  Barracks Reactor x2, SCV  
  81  5:48  SCV  
  83  5:51  SCV  
  83  5:53  Marine  
  83  5:54  Marine x2  
  83  5:56  Combat Shields  
  87  5:59  SCV  
  87  6:00  SCV  
  87  6:03  Factory Reactor  
  89  6:04  SCV  
  89  6:05  Supply Depot  
  89  6:07  Supply Depot  
  89  6:08  Marine  
  89  6:09  Marine  
  92  6:11  Marine x2, SCV  
  92  6:12  Marine  
  96  6:20  Medivac x2  
  96  6:23  SCV  
  101  6:27  Marine x5, SCV x2  
  101  6:30  Supply Depot x2  
  101  6:31  Marine x2  
  110  6:38  Armory  
  110  6:43  Marine x2  
  110  6:44  Widow Mine x2  
  110  6:45  Marine  
  117  6:51  Marine, SCV, Supply Depot  
  117  6:52  SCV x2  
  121  6:54  Marine x2  
  123  7:01  Marine x2  
  123  7:02  Barracks, Marine  
  123  7:03  Marine, Barracks  
  123  7:04  Marine x2  
  129  7:09  Marine  
  129  7:12  Medivac, Widow Mine x2  
  129  7:15  Marine x2, Medivac  
  136  7:19  Marine x2, Supply Depot  
  136  7:20  Marine, Supply Depot  
  141  7:35  Terran Infantry Weapons Level 2, Terran Infantry Armor Level 2  
  141  7:36  Supply Depot  
  141  7:40  Marine x4  
  141  7:41  Medivac  
  147  7:48  Marine  
  147  7:50  Widow Mine x2  
  150  7:52  Marine  
  150  7:55  Marine x2  
  153  8:04  Marine  
  146  8:06  Marine  
  146  8:10  Marine x3  
  134  8:12  Medivac  
  134  8:13  Medivac  
  134  8:17  Marine x3  
  134  8:19  Barracks Tech Lab, Barracks Reactor, Widow Mine x2  
  120  8:25  Marine x2  
  120  8:26  Marine, Supply Depot  
  118  8:28  Marine x3  
  118  8:29  Refinery  
  118  8:30  SCV x2  
  118  8:32  SCV, Supply Depot  
  124  8:35  Marine x2  
  124  8:36  Factory  
  124  8:37  Marine  
  124  8:38  Marauder  
  129  8:43  Marine x2  
  129  8:44  Marauder  
  129  8:46  Marine x3  
  129  8:47  Widow Mine x2  
  140  8:53  Marine x2  
  140  8:55  Marine  
  142  8:59  Marine x3  
  142  9:01  Marine x2  
  148  9:03  Marine x2  
  148  9:05  Marauder, Marine  
  153  9:10  Concussive Shells  
  153  9:11  Marine x2, Command Center  
  153  9:13  Marine  
  153  9:14  Supply Depot  
  153  9:17  Marine x2, Marauder  
  158  9:19  Marine  
  158  9:20  Factory Tech Lab, Supply Depot x2  
  158  9:22  Marine x3  
  164  9:27  Marauder  
  164  9:28  Marine  
  164  9:30  Marine  
  164  9:34  Widow Mine x2  
  161  9:38  Marauder  
  161  9:42  Medivac x2  
  163  9:50  Thor  
  163  9:51  Drilling Claws  
  165  9:53  Marine  
  165  9:54  Marine x6  
  165  9:55  Marine x2  
  165  9:56  Marine  
  165  9:59  Marine x2  
  172  10:11  Marine x2  
  172  10:12  Marine x4, Unknown x8, Medivac x2  
  178  10:14  Marine  
  178  10:17  Marauder  
  178  10:19  Missile Turret  
  178  10:20  Missile Turret x2  
  181  10:23  Widow Mine x2  
  181  10:25  Marine  
  186  10:29  Marine x2  
  186  10:33  Marine x2  
  185  10:39  Marine  
  185  10:41  Marine x2  
  185  10:42  Medivac x2  
  181  10:50  Planetary Fortress  
  177  10:57  Marine x2  
  177  11:00  Terran Infantry Armor Level 3, Terran Infantry Weapons Level 3  
  175  11:09  Missile Turret  
  175  11:11  SCV x2  
  178  11:12  Marine  
  178  11:13  Marine x2  
  178  11:15  Marine  
  178  11:18  Marine x2  
  183  11:19  Marine x2, Unknown x3  
  183  11:20  Missile Turret  
  185  11:26  Widow Mine x2  
  185  11:30  Thor  
  185  11:31  Marine  
  196  11:40  Missile Turret  
  196  11:42  Terran Vehicle Weapons Level 1  
  194  11:49  Sensor Tower, Missile Turret  
  193  11:58  Marine  
  193  11:59  Marine  
  195  12:01  Marine  
  195  12:06  Supply Depot  
  195  12:07  Marine  
  195  12:08  Marine  
  195  12:11  Marine  
  195  12:13  Thor  
  155  12:23  Marine  
  155  12:25  SCV x2  
  155  12:27  Widow Mine x2  
  143  12:33  Medivac x2  
  143  12:34  Marine x3  
  137  12:44  SCV x2  
  123  12:45  Marine x2  
  123  12:46  Marine  
  121  12:51  Marine  
  121  12:55  Thor, Marine  
  121  12:56  Marine x2, SCV x2  
  133  12:59  Unknown  
  133  13:00  Unknown x4  
  133  13:07  Marine x2  
  133  13:08  SCV x2  
  133  13:09  Marine x3  
  133  13:12  Marine x2  
  142  13:19  Marine x2  
  141  13:20  SCV  
  141  13:21  Marine  
Show
View Real Time Build Order
Export as new Build Order

Scarlett Zerg - Winner!

Build Orders: Hatch First, Muta Ling Bane 

Get SALT Encoding   

  12  0:00  Drone  
  13  0:12  Overlord  
  13  0:17  Drone  
  14  0:31  Drone x2  
  14  0:34  Drone  
  17  0:52  Hatchery  
  17  0:55  Drone  
  17  0:58  Drone  
  17  1:03  Extractor  
  17  1:14  Spawning Pool  
  17  1:17  Drone  
  17  1:20  Drone  
  18  1:29  Drone  
  19  1:38  Overlord  
  19  1:50  Drone  
  20  2:00  Queen  
  23  2:01  Zergling x2  
  23  2:04  Metabolic Boost  
  23  2:05  Queen  
  25  2:09  Zergling x2  
  25  2:11  Drone  
  27  2:17  Drone  
  27  2:22  Drone  
  29  2:31  Drone  
  29  2:33  Drone  
  30  2:38  Drone  
  31  2:48  Drone, Hatchery  
  31  2:53  Drone  
  31  2:55  Overlord  
  32  2:58  Drone  
  33  3:06  Drone  
  33  3:09  Drone  
  35  3:15  Zergling x4  
  35  3:18  Drone, Queen  
  35  3:19  Drone  
  41  3:20  Drone  
  41  3:24  Drone  
  41  3:26  Overlord  
  43  3:41  Overlord  
  43  3:45  Drone  
  43  3:46  Drone x5  
  49  3:48  Queen  
  49  3:51  Drone  
  52  3:56  Overlord  
  52  4:02  Overlord  
  52  4:05  Evolution Chamber  
  52  4:06  Evolution Chamber, Zergling x2  
  52  4:10  Queen, Zergling x4  
  52  4:16  Zergling x2  
  56  4:18  Drone x4  
  56  4:22  Drone x2  
  62  4:25  Drone  
  62  4:26  Drone  
  62  4:30  Queen  
  66  4:34  Drone  
  66  4:35  Drone  
  66  4:38  Zerg Melee Weapons Level 1  
  68  4:41  Zerg Ground Armor Level 1  
  68  4:45  Drone x3  
  71  4:52  Queen  
  73  4:53  Drone  
  73  4:54  Drone x2  
  73  4:59  Extractor  
  75  5:00  Drone x2, Extractor x2  
  75  5:02  Baneling Nest  
  75  5:04  Overlord  
  74  5:08  Drone x4  
  74  5:14  Lair  
  78  5:15  Drone x3  
  81  5:23  Drone x3  
  81  5:24  Drone x3, Spore Crawler  
  81  5:27  Queen  
  88  5:29  Extractor  
  88  5:33  Drone x2  
  89  5:36  Drone  
  89  5:37  Overlord  
  89  5:38  Overlord  
  90  5:43  Hatchery  
  89  5:52  Zergling x2  
  90  5:58  Drone x2  
  90  5:59  Drone  
  90  6:01  Drone x5  
  90  6:02  Drone  
  99  6:04  Extractor  
  99  6:05  Spore Crawler  
  99  6:06  Zergling x2  
  99  6:07  Zergling x6  
  99  6:08  Baneling x8  
  99  6:09  Zergling x8  
  105  6:14  Drone  
  105  6:16  Overlord  
  106  6:23  Overlord x2  
  106  6:24  Hatchery  
  105  6:27  Overlord  
  105  6:29  Centrifical Hooks  
  105  6:31  Overlord  
  105  6:32  Overseer  
  105  6:37  Zergling x2  
  105  6:39  Overlord  
  106  6:41  Queen  
  106  6:42  Overlord  
  106  6:44  Zergling x8  
  112  6:47  Overlord  
  112  6:52  Overlord  
  112  6:54  Drone x2  
  112  6:55  Drone x5  
  119  7:02  Spore Crawler  
  119  7:03  Spire, Zergling x6  
  120  7:16  Drone x6  
  120  7:20  Pneumatized Carapace  
  120  7:22  Overlord x2, Overseer  
  126  7:23  Zerg Melee Weapons Level 2  
  126  7:25  Zerg Ground Armor Level 2  
  126  7:32  Spine Crawler  
  126  7:33  Zergling x10  
  126  7:35  Baneling x5  
  131  7:37  Zergling x2  
  131  7:41  Zergling x8  
  135  7:51  Zergling x12  
  135  7:52  Baneling  
  135  7:53  Baneling x6  
  114  8:12  Zergling x2  
  114  8:13  Zergling x20  
  114  8:18  Queen x2  
  121  8:23  Drone x2  
  121  8:24  Drone x4  
  121  8:25  Drone x4  
  121  8:26  Drone x2  
  132  8:27  Extractor  
  132  8:28  Extractor  
  132  8:38  Hatchery  
  132  8:40  Mutalisk  
  132  8:41  Mutalisk x6  
  131  8:46  Zerg Flyer Weapons Level 1  
  131  8:47  Baneling x6  
  143  8:53  Mutalisk x5  
  143  8:55  Zergling x10  
  155  9:00  Drone x2  
  155  9:01  Drone  
  161  9:04  Zergling x2  
  161  9:05  Zergling x10  
  161  9:09  Overseer  
  167  9:11  Mutalisk x2  
  170  9:25  Mutalisk  
  170  9:26  Mutalisk x3  
  170  9:29  Mutalisk  
  180  9:32  Overlord x2  
  180  9:38  Queen x2  
  180  9:40  Mutalisk x2  
  180  9:42  Zergling x10  
  189  9:46  Drone  
  189  9:47  Drone  
  189  9:48  Overlord x2  
  189  9:49  Overlord x3  
  189  9:52  Drone x4  
  191  9:54  Spine Crawler  
  185  10:03  Burrow  
  185  10:05  Mutalisk x3  
  191  10:09  Mutalisk  
  191  10:13  Mutalisk  
  189  10:17  Spore Crawler  
  188  10:23  Zergling x2  
  188  10:24  Zergling x20  
  197  10:40  Zerg Flyer Armor Level 1  
  162  10:52  Mutalisk x8  
  162  10:54  Zergling x28  
  162  10:55  Zergling x14  
  193  10:59  Drone  
  193  11:00  Drone x2, Infestation Pit  
  193  11:03  Spine Crawler  
  192  11:09  Mutalisk x2  
  192  11:11  Zergling x8  
  200  11:23  Spore Crawler, Spine Crawler  
  198  11:26  Baneling  
  198  11:27  Baneling x14  
  198  11:30  Extractor x2  
  196  11:36  Hive  
  196  11:46  Zergling x2  
  196  11:47  Zergling x6  
  194  12:14  Mutalisk  
  194  12:15  Mutalisk x8  
  179  12:22  Zergling x2  
  184  12:23  Zergling x32  
  184  12:29  Zergling x2  
  189  12:30  Zergling x14  
  189  12:43  Zergling x12  
  189  12:44  Zergling x6  
  194  12:50  Drone  
  194  12:51  Drone  
  195  12:53  Zergling x8  
  194  13:07  Zergling x6  
  194  13:10  Baneling x18  
  196  13:13  Zergling x2  
  196  13:14  Zergling x4  
Tags
 
Add a new tag
Caveats
  • Supply blocks, unpowered buildings, or Contaminate may cause inaccurate times.
  • Supply counts are checked every 10 seconds.